 Dungeon Crawl Stone Soup version 0.29.1-2-gbd0b4ee654 (webtiles) character file.

Game seed: 6480749759721785812

151 styxcanada the Covert (level 5, -1/23 HPs)
             Began as a Spriggan Brigand on Nov 15, 2022.
             Slain by an orc
             ... wielding a +0 falchion
              (2 damage)
             ... on level 3 of the Dungeon.
             The game lasted 00:09:13 (2696 turns).

styxcanada the Covert (Spriggan Brigand)            Turns: 2696, Time: 00:09:14

Health: -1/23      AC:  4    Str:  7    XL:     5   Next: 10%
Magic:  6/6        EV: 17    Int: 12    God:
Gold:   114        SH:  0    Dex: 19    Spells: 4/4 levels left

rFire   . . .      SeeInvis +   a - +2 dagger
rCold   + . .      Faith    .   (no shield)
rNeg    . . .      Spirit   .   b - +1 robe
rPois   .          Reflect  .   (helmet restricted)
rElec   .          Harm     .   c - +0 cloak
rCorr   .          Rampage  .   (gloves unavailable)
Will    .....                   (boots unavailable)
Stlth   ++++......              (no amulet)
HPRegen 0.07/turn               (no ring)
MPRegen 0.10/turn               (no ring)

@: very quick
A: very small, no large weapons, unfitting armour, see invisible, speed 3,
talons 1, cold resistance 1, frail 1
a: no special abilities


You were on level 3 of the Dungeon.
You visited 1 branch of the dungeon, and saw 3 of its levels.

You collected 114 gold pieces.

Inventory:

Hand Weapons
 a - a +2 dagger (weapon)
 j - a +0 sling
Missiles
 d - 2 poisoned darts
 i - 17 stones (quivered)
 o - 3 boomerangs of dispersal
Armour
 b - a +1 robe (worn)
 c - a +0 cloak (worn)
Scrolls
 e - a scroll of enchant armour
 f - a scroll of teleportation
 g - a scroll of fear
 m - a scroll of poison
Potions
 k - a potion of lignification {unknown}
 l - a potion of heal wounds {unknown}


   Skills:
 * Level 2.2 Fighting
 + Level 2.5 Short Blades
 + Level 2.2 Throwing
 * Level 2.3 Dodging
 * Level 8.7 Stealth


You had 4 spell levels left.
You didn't know any spells.
Your spell library contained the following spells:

 Spells                   Type           Power      Damage    Failure   Level
 Cause Fear               Hex            0%         N/A       97%         4
 Dragon Form              Tmut           0%         N/A       100%        7
 Dragon's Call            Summ           0%         N/A       100%        9


Dungeon Overview and Level Annotations

Branches:
Dungeon (3/15)

Altars:
Cheibriados


Innate Abilities, Weirdness & Mutations

You are very small and have problems with some larger weapons.
You are too small for most types of armour.
You have supernaturally acute eyesight. (SInv)
You cover ground extremely quickly. (Speed+++)
You have sharp toenails.
Your flesh is cold resistant. (rC+)
You are frail. (-10% HP)


Message History

Unknown command.
Throw: 17 stones
Press: ? - help, Q - select action, (/) - cycle Shift-Dir - straight line, f/p - orc
Aim: an orc, wielding a +0 flail and wearing a +0 scale mail (heavily wounded, 66% to hit)
You throw a stone.
The stone hits the orc but does no damage.
The orc is heavily wounded.
Throw: 16 stones
Press: ? - help, Q - select action, (/) - cycle Shift-Dir - straight line, f/p - orc
Aim: an orc, wielding a +0 flail and wearing a +0 scale mail (heavily wounded, 66% to hit)
You throw a stone. The stone closely misses the orc.
Unknown command.
Throw: 15 stones
Press: ? - help, Q - select action, (/) - cycle Shift-Dir - straight line, f/p - orc
Aim: an orc, wielding a +0 flail and wearing a +0 scale mail (heavily wounded, 66% to hit)
You throw a stone.
The stone hits the orc but does no damage.
The orc is heavily wounded.
You start resting.
An orc is nearby!
Things that are here:
a +0 club; a gnoll corpse
d - a poisoned dart
Things that are here:
a +0 club; a goblin corpse
d - 2 poisoned darts (gained 1)
i - 17 stones (gained 3)
You now have 114 gold pieces (gained 3).
You see here a +0 spear.
You see here a poisoned dart.
You see here a poisoned dart.
The orc hits you with a +0 falchion.
* * * LOW HITPOINT WARNING * * *
There is a stone staircase leading down here.
You hit the orc.
The orc is lightly wounded.
You hit the orc. Your kick misses the orc.
The orc is heavily wounded.
The orc hits you with a +0 falchion.
You die...

.##..............#
#.o.......#
.##...###.######.#
#o[......##
###.<.# #)### #.#
#)#####.## ..#...#
#...## #.###.# ##
#.#...# ##...#
#.##.†# #.#...#
#...###.#..##
#.#####
#...(##.#.##
#.#...#
#....(....#
....#.#
#......@..#
....#.#
####....o.#
....#.# #....(.#
#.#.#.# #......#
#.....# #......#
###.### #......#
#.# #......#
#.###### #......#
#.....<# ########


You could see an orc.

Vanquished Creatures
  Terence (D:2)
  4 gnolls
  4 adders
  A worm (D:2)
  An orc (D:3)
  6 endoplasms
  3 giant cockroaches
  5 goblins
  6 hobgoblins
  A quokka (D:1)
  3 ball pythons
  A bat (D:1)
  3 frilled lizards
  5 kobolds
  4 rats
48 creatures vanquished.

Notes
Turn   | Place    | Note
-------+----------+-------------------------------------------
     0 | D:1      | styxcanada the Spriggan Brigand began the quest for the
                  | Orb.
     0 | D:1      | Reached XP level 1. HP: 10/10 MP: 2/2
    49 | D:1      | Reached skill level 6 in Stealth
    93 | D:1      | Reached XP level 2. HP: 15/15 MP: 3/3
   628 | D:1      | Found a faded altar of an unknown god.
   945 | D:2      | Noticed Terence
   955 | D:2      | Killed Terence
   956 | D:2      | Reached skill level 7 in Stealth
   956 | D:2      | Reached XP level 3. HP: 18/18 MP: 4/4
  1268 | D:2      | Reached XP level 4. HP: 23/23 MP: 5/5
  1298 | D:2      | Reached skill level 8 in Stealth
  2199 | D:2      | Gained mutation: You are frail. (-10% HP) [potion of
                  | mutation]
  2199 | D:2      | Gained mutation: You have sharp toenails. [potion of
                  | mutation]
  2199 | D:2      | Gained mutation: You are strong-willed. (Will+) [potion of
                  | mutation]
  2200 | D:2      | Lost mutation: You have sharp toenails. [potion of
                  | mutation]
  2200 | D:2      | Lost mutation: You are strong-willed. (Will+) [potion of
                  | mutation]
  2200 | D:2      | Gained mutation: You have sharp toenails. [potion of
                  | mutation]
  2200 | D:2      | Gained mutation: Your flesh is cold resistant. (rC+)
                  | [potion of mutation]
  2439 | D:3      | Found a snail-covered altar of Cheibriados.
  2524 | D:3      | Reached XP level 5. HP: 8/23 MP: 6/6
  2620 | D:3      | HP: 1/23 [orc/+0 flail (7)]
  2694 | D:3      | HP: 1/23 [orc/+0 falchion (3)]
  2696 | D:3      | Slain by an orc

Illustrated notes

Levels and vault maps discovered:
D:1:      wander_arrival_desolate, layout_rooms, serial_forest,
          infiniplex_forest_side_room, infiniplex_forest_lined_room_,
          infiniplex_forest_straight_2, infiniplex_forest_straight_2,
          infiniplex_forest_straight_5, infiniplex_forest_pool,
          shapermc_ecumenical_altar_mp_vishouse, bh_walls_and_bars
D:2:      layout_loops_ring, roderic_lattice_a, minmay_pentomino_o2,
          uniq_terence
D:3:      layout_basic, mainiacjoe_overflow_catwalk, dk_noncrumbling_4,
          chequers_serial_rivers_small_a

Skill      XL: |  1  2  3  4 |
---------------+-------------+-----
Stealth        | 6 7 8 |  8.7
Fighting       | 2 |  2.2
Dodging        | 2 |  2.3
Short Blades   | |  2.5
Throwing       | |  2.2

Action                   |  1- 3 |  4- 6 || total
-------------------------+-------+-------++-------
Melee: Dagger            |    49 |    44 ||    93
       Punch             |     1 |     1 ||     2
       Kick              |       |     5 ||     5
Throw: Dart              |     6 |    17 ||    23
       Stone             |       |     9 ||     9
  Use: Scroll            |     2 |     5 ||     7
       Potion            |       |     2 ||     2
 Stab: Sleeping          |    14 |     5 ||    19
Armor: Robe              |     7 |     4 ||    11
Dodge: Dodged            |    16 |    25 ||    41
